 Dungeon Crawl Stone Soup version 0.21-a0-110-g8e1637b (webtiles) character file.

978 Leszczynek the Cleaver (level 7, -7/62 HPs)
             Began as a Deep Dwarf Fighter on July 8, 2017.
             Was a Follower of Makhleb.
             Mangled by an orc warrior
             ... wielding a +0 long sword
              (13 damage)
             ... on level 6 of the Dungeon.
             The game lasted 00:06:03 (983 turns).

Leszczynek the Cleaver (Deep Dwarf Fighter)          Turns: 983, Time: 00:06:04

Health: -7/62      AC:  7    Str: 21    XL:     7   Next: 95%
Magic:  4/4        EV:  7    Int:  9    God:    Makhleb [*.....]
Gold:   140        SH:  9    Dex: 12    Spells: 6/6 levels left

rFire    . . .     SeeInvis .   a - +0 war axe
rCold    . . .     Gourm    .   c - +0 shield
rNeg     . . .     Faith    .   b - +0 scale mail
rPois    +         Spirit   .   (no helmet)
rElec    .         Reflect  .   (no cloak)
rCorr    .         Harm     .   r - +0 pair of gloves
MR       ++...                  (no boots)
Stlth    ..........             h - amulet of magic regeneration
HPRegen  0.00/turn              p - ring of protection from magic
MPRegen  0.34/turn              x - ring of poison resistance

@: non-regenerating, drained
A: damage resistance, heal wounds, sense surroundings 1, no regeneration
a: Heal Wounds, Renounce Religion


You were on level 6 of the Dungeon.
You worshipped Makhleb.
Makhleb was aware of your devotion.
You were not hungry.

You visited 1 branch of the dungeon, and saw 6 of its levels.

You collected 140 gold pieces.

Inventory:

Hand Weapons
 a - a +0 war axe (weapon)
 y - a cursed +0 morningstar
Missiles
 n - 6 javelins (quivered)
 s - a throwing net
 w - 6 tomahawks
Armour
 b - a +0 scale mail (worn)
 c - a +0 shield (worn)
 r - a +0 pair of gloves (worn)
Jewellery
 h - an amulet of magic regeneration (around neck)
 p - a ring of protection from magic (left hand)
 x - a ring of poison resistance (right hand)
Scrolls
 e - a scroll of recharging {unknown}
 g - a scroll of fog {unknown}
 j - 2 scrolls of teleportation {unknown}
 k - 4 scrolls of identify {unknown}
 m - a scroll of enchant armour {unknown}
 q - a scroll of amnesia {unknown}
 t - a scroll of fear {unknown}
 u - a scroll of enchant weapon {unknown}
Potions
 f - a potion of might
 v - a potion of heal wounds {unknown}
 z - a potion of haste {unknown}
Comestibles
 d - 6 bread rations
 i - a royal jelly
 l - 4 chunks of flesh
 o - 3 meat rations


   Skills:
 + Level 3.6(3.3) Fighting
 * Level 9.3(8.9) Axes
 - Level 3.2(3.0) Armour
 + Level 4.6(4.3) Shields


You had 6 spell levels left.
You didn't know any spells.

Dungeon Overview and Level Annotations

Branches:
Dungeon (7/15)
 Temple: D:4-7

Altars:
Dithmenos
Makhleb
Okawaru
Wu Jian


Innate Abilities, Weirdness & Mutations

You are resistant to damage.
You can heal yourself by infusing magical energy.
You passively map a small area around you.
You do not regenerate.


Message History

The centaur shouts!
A jackal, an orc priest and a skeleton come into view.
Found a puce potion and 13 gold pieces.
Found a stone staircase leading down.
There is a stone staircase leading down here.
Unknown command.
You block the jackal's attack. The orc barely misses you.
A leopard gecko and a skeleton come into view.
You are too injured to fight recklessly!
Unknown command.
You are too injured to fight recklessly!
You hit the orc warrior.
The orc warrior is lightly wounded.
You closely miss the jackal. You hit the jackal. You hit the orc.
The jackal bites you but does no damage.
The centaur hits you!
The orc priest calls down the wrath of Beogh upon you.
Beogh smites you!
* * * LOW HITPOINT WARNING * * *
The orc warrior hits you with a long sword!
You die...

, ** , , * * ,*
, * ,.. *
.###### *..# * ,
.l.....## #$.#*
*
........###....
* * *
..Z....o.#..#
,.Z....co...####
r....hh@o......
......hh.######
,,,.........# ,
, .........# ***
....>...## *
.#......#* , *
######.. , *
..., * ... , *


You could see an orc warrior, a centaur, an orc priest, an orc, a leopard gecko,
a quokka, 4 jackals, an adder skeleton and a centaur skeleton.

Vanquished Creatures
  A spriggan (D:7)
  3 necrophages (D:7)
  A centaur (D:7)
  A wyvern skeleton (D:7)
  4 wights (D:7)
  A hound (D:2)
  4 orc wizards
  A worker ant (D:4)
  2 mummies (D:7)
  3 gnolls (D:4)
  2 adders (D:4)
  An ooze (D:4)
  A dart slug (D:4)
  A leopard gecko (D:7)
  6 orcs
  2 giant cockroaches
  2 goblins
  2 hobgoblins (D:3)
  3 jackals (D:3)
  A kobold (D:2)
  2 quokkas (D:3)
  A bat (D:3)
  A frilled lizard (D:2)
46 creatures vanquished.

Notes
Turn   | Place    | Note
-------+----------+-------------------------------------------
     0 | D:1      | Leszczynek the Deep Dwarf Fighter began the quest for the Orb.
     0 | D:1      | Reached XP level 1. HP: 20/20 MP: 1/1
   116 | D:1      | You fall through a shaft!
   128 | D:2      | Found an iron altar of Okawaru.
   140 | D:2      | Found a burning altar of Makhleb.
   140 | D:2      | Noticed a hound
   158 | D:2      | Killed a hound
   158 | D:2      | Reached skill level 4 in Axes
   158 | D:2      | Reached XP level 2. HP: 27/27 MP: 2/2
   158 | D:2      | Reached XP level 3. HP: 33/33 MP: 3/3
   164 | D:2      | Became a worshipper of Makhleb the Destroyer
   165 | D:2      | so far so good
   448 | D:4      | Reached XP level 4. HP: 26/40 MP: 4/4
   450 | D:4      | Reached skill level 5 in Axes
   526 | D:4      | Reached XP level 5. HP: 19/46 MP: 5/5
   613 | D:4      | You fall through a shaft for 3 floors!
   626 | D:7      | Noticed a necrophage
   636 | D:7      | Killed a necrophage
   636 | D:7      | Reached skill level 6 in Axes
   646 | D:7      | Found an ornate altar of the Wu Jian Council.
   677 | D:7      | Noticed a centaur
   685 | D:7      | HP: 8/44 [wyvern skeleton (6)]
   691 | D:7      | Reached skill level 7 in Axes
   691 | D:7      | Reached XP level 6. HP: 18/55 MP: 5/5
   691 | D:7      | HP: 11/55 [centaur/arrow (7)]
   703 | D:7      | Found a shadowy altar of Dithmenos.
   721 | D:7      | Reached * piety under Makhleb
   750 | D:7      | HP: 11/55 [wight/enchanted long sword (4)]
   753 | D:7      | Reached skill level 8 in Axes
   791 | D:7      | Reached XP level 7. HP: 15/60 MP: 5/5
   809 | D:7      | Reached skill level 3 in Fighting
   852 | D:7      | Noticed a spriggan baker
   854 | D:7      | Killed a spriggan baker
   854 | D:7      | Reached skill level 9 in Axes
   854 | D:7      | Reached skill level 4 in Shields
   925 | D:7      | HP: 8/62 [wight/enchanted trident (8)]
   983 | D:6      | HP: 6/62 [orc priest/divine providence (12)]
   983 | D:6      | Mangled by an orc warrior

Vault maps used:
D:1:      wheals_arrival_shading
D:2:      nicolae_overflow_hidden_temple, nicolae_overflow_crystal_walls,
          nicolae_ru_path_of_blood, first_bread, makhleb_heckhound_becter,
          uniq_sigmund
D:3:      cheibrodos_pilgrimage
D:4:      lemuel_coloured_pillars_altar, serial_shops, shop_fountains,
          uniq_natasha
D:6:      elyvilon_altar_3, minmay_temple_entry_overgrown,
          hangedman_decor_clover_reticule
D:7:      kennysheep_mini_moat, lemuel_doored_altar,
          nicolae_qazlal_eye_of_the_storm, serial_undead, serial_undead_f,
          serial_undead_b, serial_undead_c, serial_undead_c, serial_undead_d,
          serial_undead_f, the_bakery, uniq_menkaure

Skill      XL: |  1  2  3  4  5  6  7 |
---------------+----------------------+-----
Axes           | 4 5 7 8 9 |  9.3
Fighting       | 3 |  3.6
Shields        | 4 |  4.6
Armour         | |  3.2

Action                   |  1- 3 |  4- 6 |  7- 9 || total
-------------------------+-------+-------+-------++-------
Melee: War axe           |    85 |   113 |    43 ||   241
Throw: Javelin           |       |     2 |       ||     2
 Abil: Heal Wounds       |     1 |     4 |     2 ||     7
  Eat: Chunk             |       |       |     1 ||     1
Armor: Scale mail        |    41 |    31 |    25 ||    97
Dodge: Dodged            |    25 |    32 |    10 ||    67
Block: Shield            |    47 |    44 |    16 ||   107
